 Dungeon Crawl Stone Soup version 0.31-a0-1074-g0b22e4e0f1 (webtiles) character file.

Game seed: 11831656828300997039

7496 RBrandon the Cleaver (level 10, 0/82 HPs)
             Began as a Mummy Fighter on Dec 8, 2023.
             Was a Priest of Nemelex Xobeh.
             Killed from afar by a hell hound (10 damage)
             ... with a blast of flame
             ... on level 1 of the Lair of Beasts.
             The game lasted 00:17:09 (7763 turns).

RBrandon the Cleaver (Mummy Fighter)                Turns: 7763, Time: 00:17:09

Health: 0/82       AC: 14    Str: 23    XL:     10   Next: 95%
Magic:  16/16      EV:  8    Int:  9    God:    Nemelex Xobeh [***...]
Gold:   346        SH:  4    Dex: 11    Spells: 9/9 levels left

rFire   . . .        v - +0 war axe (drain)
rCold   + . .        c - +0 buckler
rNeg    + + +        h - +1 chain mail of the Mackerel {+Blink +Inv rElec Regen+}
rPois   ∞            k - +0 helmet
rElec   +            f - +2 cloak
rCorr   .            (no gloves)
SInv    .            (no boots)
Will    +....        (no amulet) Stlth
                     l - ring of protection from fire
HPRegen 1.13/turn    (no ring)
MPRegen 0.15/turn

%: faith
@: on blink cooldown
A: cold resistance 1, negative energy resistance 3, torment resistance 2, heat
vulnerability 1, in touch with death 1, no potions, faith
a: Renounce Religion, Evoke Blink, Evoke Invisibility, Draw Escape, Draw
Destruction, Draw Summoning, Triple Draw


You were on level 1 of the Lair of Beasts.
You worshipped Nemelex Xobeh.
Nemelex Xobeh was most pleased with you.
You visited 3 branches of the dungeon, and saw 12 of its levels.

You collected 346 gold pieces.

Inventory:

Hand Weapons
 a - a +0 war axe
 v - a +0 war axe of draining (weapon)
   (You took it off Maggie on level 9 of the Dungeon)
Armour
 b - a +0 scale mail
 c - a +0 buckler (worn)
 f - a +2 cloak (worn)
 h - the +1 chain mail of the Mackerel (worn) {+Blink +Inv rElec Regen+}
   (You found it on level 4 of the Dungeon)

   rElec:     It insulates you from electricity.
   +Inv:      It lets you turn invisible.
   +Blink:    It lets you blink.
   Regen+:    It increases your rate of health regeneration.
 k - a +0 helmet (worn)
Jewellery
 l - a ring of protection from fire (left hand)
Wands
 o - a wand of digging (5)
 q - a wand of mindburst (6)
 t - a wand of flame (34)
Scrolls
 d - 2 scrolls of brand weapon
 e - a scroll of teleportation
 g - 2 scrolls of fog
 i - a scroll of noise
 j - a scroll of amnesia
 m - 3 scrolls of butterflies {unknown}
 n - 4 scrolls of immolation
 p - a scroll of torment
 r - 2 scrolls of vulnerability {unknown}
 s - a scroll of blinking {unknown}
 u - 4 scrolls of identify


   Skills:
 + Level 8.7 Fighting
 * Level 10.0 Axes
 - Level 2.4 Armour
 - Level 2.4 Shields
 + Level 8.4 Invocations


You had 9 spell levels left.
You didn't know any spells.
Your spell library contained the following spells:

 Spells                   Type           Power      Damage    Failure   Level
 Ensorcelled Hibernation  Hex/Ice        0%         N/A       99%         2
 Passwall                 Tmut/Erth      0%         N/A       99%         2
 Poisonous Vapours        Pois/Air       0%         N/A       99%         2
 Mephitic Cloud           Conj/Pois/Air  0%         N/A       100%        3
 Ozocubu's Armour         Ice            0%         N/A       100%        3
 Summon Guardian Golem    Hex/Summ       0%         N/A       100%        3
 Swiftness                Air            0%         N/A       100%        3
 Animate Dead             Necr           0%         N/A       100%        4
 Borgnjor's Vile Clutch   Necr/Erth      0%         N/A       100%        5
 Freezing Cloud           Conj/Ice/Air   0%         6-21      100%        5
 Metabolic Englaciation   Hex/Ice        0%         N/A       100%        5
 Death Channel            Necr           0%         N/A       100%        6
 Simulacrum               Ice/Necr       0%         N/A       100%        6
 Orb of Destruction       Conj           0%         9d5       100%        7
 Spellforged Servitor     Conj/Summ      0%         N/A       100%        7


Dungeon Overview and Level Annotations

Branches:
Dungeon (10/15)            Temple (1/1) D:6            Lair (1/5) D:10
    Orc: D:9-12

Altars:
Ashenzari
Cheibriados
Fedhas
Gozag
Hepliaklqana
Kikubaaqudgha
Makhleb
Nemelex Xobeh
Okawaru
Qazlal
Ru
Sif Muna
Trog
Uskayaw
Vehumet
Wu Jian
Xom
Yredelemnul

Shops:
D:2 :*   D:6 (

Annotations:
D:4 2 transporters, TransRights's ghost, amateur MiFi
D:7 Maurice


Innate Abilities, Weirdness & Mutations

You are immune to poison.
Your flesh is cold resistant. (rC+)
You are immune to negative energy. (rN+++)
You are immune to unholy pain and torment.
You are vulnerable to heat. (rF-)
You are in touch with the powers of death.
You do not drink.
You have a special connection with the divine. (Faith)


Message History

You block the hell rat's attack.
You closely miss the hell rat.
The hell rat is almost dead.
You barely miss the hell rat. You hit the hell rat. The hell rat bites you.
* * * LOW HITPOINT WARNING * * *
The hell rat bites you!
* * * LOW HITPOINT WARNING * * *
The hell rat bites you!
* * * LOW HITPOINT WARNING * * *
You hit the hell rat but do no damage.
The hell rat is almost dead.
You barely miss the hell rat. You slash the hell rat!
You kill the hell rat!
The hell rat barely misses you. The hell rat bites you.
* * * LOW HITPOINT WARNING * * *
The hell rat bites you but does no damage.
The hell rat bites you!
* * * LOW HITPOINT WARNING * * *
Your Axes skill increases to level 10!
Unknown command.
Okay, then.
You can't drink.
Unknown command.
You blink.
Okay, then.
Aiming: Throw Flame
Press: ? - help, Shift-Dir - straight line, f - hell rat
Aim: a hell rat (almost dead, 68% to hit)
The puff of flame hits the hell rat but does no damage.
The hell rat is almost dead.
Okay, then.
You draw a card...
You have drawn Degeneration.
The hell rat evaporates and reforms as a hell hound!
The hell hound twists and deforms.
The hell rat evaporates and reforms as a demonic crawler!
The demonic crawler twists and deforms.
The hell hound breathes flames at you. The blast of flame hits you!
You die...
Your body glows with a rainbow of weird colours and disappears.

#.........#
##........#
#P.......##
##.......#
##..hs...#
#........#
##.......#
#.....).##
#..@.....#
..#.......##
#.#.......#
#.........#
..#.......#
##.........##
#..........#
###.........##
#.
#.#.........#


You could see a demonic crawler (misshapen) and a hell hound (catching breath,
misshapen).

Vanquished Creatures
  A deep elf pyromancer (D:9)
  An oklob plant (D:10)
  Maggie (D:9)
  A troll (D:9)
  A hornet (D:9)
  A wraith (D:9)
  A basilisk (Lair:1)
  9 yaks (D:9)
  A steam dragon (D:9)
  A water moccasin (D:8)
  2 orc warriors
  Duvessa (D:5)
  2 ice beasts
  A black bear (D:5)
  3 ogres
  6 centaurs
  2 phantoms (D:5)
  2 bullfrogs
  3 scorpions
  A water moccasin zombie (D:5)
  2 water moccasin skeletons (D:5)
  4 wights (D:9)
  Dowan (D:5)
  3 killer bees (D:9)
  5 howler monkeys (D:9)
  A centaur zombie (D:5)
  A gnoll bouda (D:7)
  3 hounds
  A jelly (D:6)
  4 orc priests
  2 iguanas (D:5)
  A bullfrog skeleton (D:5)
  A centaur skeleton (D:5)
  Jessica (D:2)
  4 sleepcaps
  Terence (D:2)
  9 orc wizards
  4 hell rats (Lair:1)
  3 howler monkey zombies (D:5)
  Robin (D:2)
  5 gnolls
  A howler monkey skeleton (D:5)
  7 adders
  2 shadow imps
  2 white imps
  3 worms
  2 dart slugs
  17 orcs
  3 endoplasms (D:1)
  3 giant cockroaches
  12 goblins
  11 hobgoblins
  4 jackals (D:2)
  6 kobolds
  3 quokkas
  5 ball pythons
  4 bats
  5 frilled lizards
  7 rats
195 creatures vanquished.

Vanquished Creatures (collateral kills)
  A two-headed ogre (D:9)
1 creature vanquished.

Vanquished Creatures (others)
  An orc wizard (D:8)
1 creature vanquished.

Grand Total: 197 creatures vanquished

Notes
Turn   | Place    | Note
-------+----------+-------------------------------------------
     0 | D:1      | RBrandon the Mummy Fighter began the quest for the Orb.
     0 | D:1      | Reached XP level 1. HP: 18/18 MP: 1/1
    86 | D:1      | Reached skill level 2 in Axes
   278 | D:1      | Reached XP level 2. HP: 21/24 MP: 2/2
   618 | D:2      | You fall into a shaft and drop 2 floors!
   637 | D:4      | Identified the +1 chain mail of the Mackerel {+Blink +Inv
                  | rElec Regen+}
   688 | D:4      | Found a snail-covered altar of Cheibriados.
   709 | D:4      | Found a transporter.
   732 | D:4      | Noticed a scorpion
   763 | D:4      | Killed a scorpion
   764 | D:4      | Reached skill level 3 in Axes
   764 | D:4      | Reached XP level 3. HP: 29/29 MP: 3/3
   764 | D:4      | Reached XP level 4. HP: 35/35 MP: 4/4
  1017 | D:3      | Reached skill level 4 in Axes
  1020 | D:3      | Found a burning altar of Makhleb.
  1387 | D:2      | Found Vaegopemm's Book Boutique.
  1432 | D:2      | Reached XP level 5. HP: 39/41 MP: 5/5
  1522 | D:2      | Noticed Terence
  1536 | D:2      | Killed Terence
  1567 | D:2      | Noticed Jessica
  1572 | D:2      | Noticed Robin
  1577 | D:2      | Killed Jessica
  1583 | D:2      | Killed Robin
  1671 | D:2      | Found Laifelit's Assorted Antiques.
  2276 | D:4      | Noticed TransRights's ghost (amateur MiFi)
  2308 | D:4      | Found a transporter.
  2329 | D:4      | Found an opulent altar of Gozag.
  2459 | D:4      | Reached skill level 5 in Axes
  2459 | D:4      | Reached XP level 6. HP: 47/48 MP: 6/6
  2868 | D:5      | Entered Level 5 of the Dungeon
  2987 | D:5      | Reached XP level 7. HP: 39/55 MP: 7/7
  3056 | D:5      | Reached skill level 6 in Axes
  3238 | D:5      | Reached skill level 5 in Fighting
  3523 | D:5      | Found a hide-covered altar of Uskayaw.
  3528 | D:5      | Noticed Duvessa
  3541 | D:5      | Killed Duvessa
  3542 | D:5      | Reached skill level 7 in Axes
  3542 | D:5      | Reached XP level 8. HP: 55/63 MP: 8/8
  3558 | D:5      | Noticed Dowan
  3564 | D:5      | Killed Dowan
  3931 | D:7      | Noticed Maurice
  3951 | D:7      | Something stole 310 gold
  4202 | D:6      | Found a bloodstained altar of Trog.
  4257 | D:6      | Reached skill level 8 in Axes
  4800 | D:6      | Reached XP level 9. HP: 64/71 MP: 9/9
  4817 | D:6      | Found a staircase to the Ecumenical Temple.
  4826 | Temple   | Entered the Ecumenical Temple
  4832 | Temple   | Became a worshipper of Nemelex Xobeh the Trickster
  4924 | D:6      | Found Telliyth's Weapon Emporium.
  5418 | D:8      | Reached skill level 1 in Invocations
  5621 | D:8      | Reached * piety under Nemelex Xobeh
  5959 | D:8      | Noticed a cyclops
  6248 | D:9      | Noticed a troll
  6258 | D:9      | Killed a troll
  6259 | D:9      | Reached skill level 5 in Invocations
  6308 | D:9      | Noticed Maggie
  6330 | D:9      | Killed Maggie
  6473 | D:9      | Reached XP level 10. HP: 48/77 MP: 15/15
  6487 | D:9      | Noticed a deep elf pyromancer
  6688 | D:9      | Received a gift from Nemelex Xobeh
  6759 | D:9      | Reached ** piety under Nemelex Xobeh
  6888 | D:9      | Noticed a two-headed ogre
  6893 | D:9      | Killed a two-headed ogre
  6894 | D:9      | Reached skill level 9 in Axes
  6994 | D:9      | Killed a deep elf pyromancer
  7309 | D:10     | Entered Level 10 of the Dungeon
  7311 | D:10     | Noticed an oklob plant
  7439 | D:10     | Received a gift from Nemelex Xobeh
  7637 | D:10     | Found a staircase to the Lair.
  7651 | D:10     | Killed an oklob plant
  7670 | Lair:1   | Entered Level 1 of the Lair of Beasts
  7670 | Lair:1   | Reached *** piety under Nemelex Xobeh
  7755 | Lair:1   | HP: 1/82 [hell rat (7)]
  7756 | Lair:1   | Reached skill level 10 in Axes
  7763 | Lair:1   | a hell rat changed into a demonic crawler
  7763 | Lair:1   | Noticed a demonic crawler
  7763 | Lair:1   | Killed from afar by a hell hound

Illustrated notes

Levels and vault maps discovered:
D:1:      lightli_arrival_maybe_door_vault, layout_loops_cross
D:2:      kennysheep_six_static_rooms, layout_basic, serial_shops, shop, shop,
          uniq_terence, uniq_robin, uniq_jessica
D:3:      layout_rooms, mainiacjoe_overflow_alcove_1
D:4:      minmay_wonky_spiral, layout_layer_cave,
          pdpol_temple_overflow_zin_treasury_gozag_greed, cheibriados_altar_1,
          gammafunk_ghost_mausoleum, nicolae_titane
D:5:      layout_cave_pods, overflow_temple_1_default, serial_undead,
          serial_undead_a, serial_undead_a, serial_undead_b, serial_undead_e,
          corexii_leaking_fountain, uniq_duvessa
D:6:      layout_rooms, nicolae_overflow_crystal_walls,
          minmay_temple_entry_junction, serial_shops, nicolae_shop_behind_doors,
          small_statue_intersection
D:7:      layout_basic, lemuel_coloured_pillars_altar, minmay_misc_feat_tower,
          uniq_maurice
D:8:      layout_basic, elyvilon_altar_5, chequers_arboretum
D:9:      layout_roguey, hangedman_abyss_or_decor_passed, st_stairs_2,
          uniq_maggie
D:10:     wander_river, layout_stronghold, dpeg_oklobed_lair
Temple:   nicolae_temple_bog_church
Lair:1:   layout_gridlike

Skill      XL: |  1  2  3  4  5  6  7  8  9 10 |
---------------+-------------------------------+-----
Axes           | 2 3 4 5 7 8 10 | 10.0
Fighting       | 4 5 6 8 |  8.7
Invocations    | 7 8 |  8.4
Armour         | |  2.4
Shields        | |  2.4

Action                     |  1- 3 |  4- 6 |  7- 9 | 10-12 || total
---------------------------+-------+-------+-------+-------++-------
  Melee: War axe           |    47 |   250 |   383 |   192 ||   872
 Invoke: Draw Destruction  |       |       |       |     4 ||     4
         Draw Summoning    |       |       |       |     2 ||     2
Ability: Evoke Blink       |       |       |       |     1 ||     1
  Evoke: Wand              |       |       |     6 |     1 ||     7
    Use: Scroll            |       |       |    17 |       ||    17
 Armour: Scale mail        |     6 |       |       |       ||     6
         Chain mail        |    25 |   263 |   405 |   205 ||   898
  Dodge: Dodged            |    14 |    87 |   132 |   110 ||   343
  Block: Buckler           |    10 |    50 |    75 |    37 ||   172

Table legend: (Time is in decaauts)
 A = Elapsed time spent in this place.
 B = Non-inter-level travel time spent in this place.
 C = Inter-level travel time spent in this place.
 D = Time resting spent in this place.
 E = Time spent auto-exploring this place.
 F = Levels seen in this place.
 G = Mean time per level.
                   A        B        C        D        E       F      G
               +--------+--------+--------+--------+--------+-----+--------+
         Total |   7963 |   7626 |    337 |    218 |   4620 |  12 |  663.6 |
       Dungeon |   7857 |   7525 |    332 |    218 |   4577 |  10 |  785.7 |
        Temple |     12 |      7 |      5 |      0 |      0 |   1 |   12.0 |
          Lair |     93 |     93 |      0 |      0 |     43 |   1 |   93.0 |
               +--------+--------+--------+--------+--------+-----+--------+

Top non-repeatable levels by time:
     D:5: 1185 daAuts
     D:9: 1118 daAuts
     D:4: 971 daAuts
     D:2: 872 daAuts
     D:8: 835 daAuts
     D:7: 776 daAuts
     D:1: 605 daAuts
     D:6: 584 daAuts
     D:3: 539 daAuts
    D:10: 367 daAuts
  Lair:1: 93 daAuts
  Temple: 12 daAuts

Levels and vault maps discovered:
D:1:      lightli_arrival_maybe_door_vault, layout_loops_cross
D:2:      kennysheep_six_static_rooms, layout_basic, serial_shops, shop, shop,
          uniq_terence, uniq_robin, uniq_jessica
D:3:      layout_rooms, mainiacjoe_overflow_alcove_1
D:4:      minmay_wonky_spiral, layout_layer_cave,
          pdpol_temple_overflow_zin_treasury_gozag_greed, cheibriados_altar_1,
          gammafunk_ghost_mausoleum, nicolae_titane
D:5:      layout_cave_pods, overflow_temple_1_default, serial_undead,
          serial_undead_a, serial_undead_a, serial_undead_b, serial_undead_e,
          corexii_leaking_fountain, uniq_duvessa
D:6:      layout_rooms, nicolae_overflow_crystal_walls,
          minmay_temple_entry_junction, serial_shops, nicolae_shop_behind_doors,
          small_statue_intersection
D:7:      layout_basic, lemuel_coloured_pillars_altar, minmay_misc_feat_tower,
          uniq_maurice
D:8:      layout_basic, elyvilon_altar_5, chequers_arboretum
D:9:      layout_roguey, hangedman_abyss_or_decor_passed, st_stairs_2,
          uniq_maggie
D:10:     wander_river, layout_stronghold, dpeg_oklobed_lair
Temple:   nicolae_temple_bog_church
Lair:1:   layout_gridlike

Table legend: (Time is in decaauts)
 A = Elapsed time spent in this place.
 B = Non-inter-level travel time spent in this place.
 C = Inter-level travel time spent in this place.
 D = Time resting spent in this place.
 E = Time spent auto-exploring this place.
 F = Levels seen in this place.
 G = Mean time per level.
                   A        B        C        D        E       F      G
               +--------+--------+--------+--------+--------+-----+--------+
         Total |   7963 |   7626 |    337 |    218 |   4620 |  12 |  663.6 |
       Dungeon |   7857 |   7525 |    332 |    218 |   4577 |  10 |  785.7 |
        Temple |     12 |      7 |      5 |      0 |      0 |   1 |   12.0 |
          Lair |     93 |     93 |      0 |      0 |     43 |   1 |   93.0 |
               +--------+--------+--------+--------+--------+-----+--------+

Top non-repeatable levels by time:
     D:5: 1185 daAuts
     D:9: 1118 daAuts
     D:4: 971 daAuts
     D:2: 872 daAuts
     D:8: 835 daAuts
     D:7: 776 daAuts
     D:1: 605 daAuts
     D:6: 584 daAuts
     D:3: 539 daAuts
    D:10: 367 daAuts
  Lair:1: 93 daAuts
  Temple: 12 daAuts

Table legend:
 A = Kills in this place as a percentage of kills in the entire game.
 B = Kills by you in this place as a percentage of kills by you in the entire game.
 C = Kills by friends in this place as a percentage of kills by friends in the entire game.
 D = Other kills in this place as a percentage of other kills in the entire game.
 E = Experience gained in this place as a percentage of experience gained in the entire game.
 F = Experience gained in this place divided by the number of levels of this place that you have seen.
                   A       B       C       D       E      F
               +-------+-------+-------+-------+-------+----------------------
         Total | 100.0 | 100.0 | 100.0 | 100.0 | 100.0 | 892.4
       Dungeon |  97.0 |  96.9 | 100.0 | 100.0 |  96.0 | 1028.5
          Lair |   3.0 |   3.1 |   0.0 |   0.0 |   4.0 | 424.0
               +-------+-------+-------+-------+-------+----------------------
